 Dungeon Crawl Stone Soup version 0.20-a0-556-g892c87b (webtiles) character file.

87 Ijustatesigmund the Sneak (level 4, -3/26 HPs)
             Began as a Kobold Assassin on Feb 6, 2017.
             Killed by nerve-wracking pain
             ... invoked by a shadow imp
              (11 damage)
             ... on level 4 of the Dungeon.
             The game lasted 00:03:08 (1658 turns).

Ijustatesigmund the Sneak (Kobold Assassin)         Turns: 1658, Time: 00:03:09

Health: -3/26      AC:  5    Str:  8    XL:     4   Next: 80%
Magic:  4/4        EV: 14    Int: 13    God:
Gold:   109        SH:  4    Dex: 16    Spells: 3/3 levels left

rFire    . . .     SeeInvis .   a - +2 dagger
rCold    . . .     Gourm    .   m - +1 leather armour
rNeg     . . .     Faith    .   c - +0 buckler
rPois    .         Spirit   .   (no helmet)
rElec    .         Reflect  .   d - +0 cloak
rCorr    .         Harm     .   (no gloves)
MR       .....                  (no boots)
Stlth    +++.......             (no amulet)
Regen    0.1/turn               (no ring)
                                (no ring)

@: no status effects
A: carnivore 3
a: no special abilities


You were on level 4 of the Dungeon.
You were not hungry.

You visited 1 branch of the dungeon, and saw 4 of its levels.

You collected 109 gold pieces.

Inventory:

Hand Weapons
 a - a +2 dagger (weapon)
 b - a +0 blowgun
Missiles
 e - 17 poisoned needles
 f - 2 curare-tipped needles
Armour
 c - a +0 buckler (worn)
 d - a +0 cloak (worn)
 m - a +1 leather armour (worn)
Potions
 h - a potion of flight {unknown}
 i - a potion of invisibility {unknown}
 j - 4 potions of agility {unknown}
 k - 4 potions of haste {unknown}
 l - a potion of degeneration {unknown}
 n - a potion of brilliance {unknown}
 o - a potion of curing {unknown}
 p - a potion of ambrosia {unknown}
Comestibles
 g - a meat ration


   Skills:
 + Level 2.1 Fighting
 + Level 4.4 Short Blades
 - Level 2.1 Throwing
 + Level 2.9 Dodging
 - Level 6.1 Stealth


You had 3 spell levels left.
You didn't know any spells.

Dungeon Overview and Level Annotations

Branches:
Dungeon (4/15)
 Temple: D:4-7

Altars:
Ashenzari
Cheibriados
Fedhas
Gozag
Nemelex Xobeh
Qazlal
Trog
Yredelemnul
Zin

Annotations:
D:3 DEFE's ghost, amateur DEAK


Innate Abilities, Weirdness & Mutations

You are small and have problems with some larger weapons.
You are carnivorous and can eat meat at any time.


Message History

The shadow imp is moderately wounded.
The ball python misses you. The ball python grabs you.
The ball python constricts you.
You hit the ball python.
The ball python is heavily wounded.
The shadow imp hits you. The scorpion closely misses you.
You block the ball python's attack. The ball python constricts you.
You barely miss the ball python.
The ball python is heavily wounded.
The shadow imp hits you. The scorpion barely misses you.
The ball python completely misses you. The ball python constricts you.
You escape the ball python's grasp.
The shadow imp gestures at you. Pain shoots through your body!
The ball python bites you but does no damage.
The ball python grabs you. The ball python constricts you.
You escape the ball python's grasp.
The shadow imp gestures at you. Pain shoots through your body!
You die...

... ... #####
#### ....
#.(.###..# ..(..
#...#....#
.....##...@....#
......(.S.#....#
........5s#....#
...(....[.#..†.#
.......?..#....#
..........#...<#
.....##...###..#
..... ##### ####
....


You could see a scorpion, a shadow imp and a ball python.

Vanquished Creatures
  A worker ant (D:4)
  An adder (D:2)
  2 oozes
  A worm (D:2)
  A dart slug (D:2)
  A leopard gecko (D:2)
  3 giant cockroaches
  7 goblins
  5 hobgoblins
  5 kobolds
  A ball python (D:1)
  7 bats
  A frilled lizard (D:2)
  9 rats
45 creatures vanquished.

Notes
Turn   | Place    | Note
-------+----------+-------------------------------------------
     0 | D:1      | Ijustatesigmund the Kobold Assassin began the quest for the Orb.
     0 | D:1      | Reached XP level 1. HP: 12/12 MP: 1/1
    98 | D:1      | Reached XP level 2. HP: 16/17 MP: 2/2
   536 | D:1      | Reached XP level 3. HP: 21/21 MP: 3/3
   997 | D:2      | Reached XP level 4. HP: 26/26 MP: 4/4
  1037 | D:2      | Found a blossoming altar of Fedhas.
  1044 | D:2      | Found a shattered altar of Ashenzari.
  1044 | D:2      | Found a stormy altar of Qazlal.
  1147 | D:2      | Found a shattered altar of Ashenzari.
  1150 | D:2      | Found a sparkling altar of Nemelex Xobeh.
  1154 | D:2      | Found a basalt altar of Yredelemnul.
  1154 | D:2      | Found an opulent altar of Gozag.
  1154 | D:2      | Found a bloodstained altar of Trog.
  1155 | D:2      | Found a glowing silver altar of Zin.
  1161 | D:2      | Found a snail-covered altar of Cheibriados.
  1290 | D:3      | Noticed DEFE's ghost (amateur DEAK)
  1483 | D:4      | Reached skill level 6 in Stealth
  1658 | D:4      | Killed from afar by a shadow imp

Vault maps used:
D:1:      nicolae_arrival_memento_mori
D:2:      grunt_temple_overflow_forces_of_nature, minitemple,
          kennysheep_nondescript, nicolae_ashenzari_panopticon
D:4:      uniq_edmund, uniq_grinder, uniq_sigmund

Skill      XL: |  1  2  3  4 |
---------------+-------------+-----
Short Blades   | 3 4 |  4.4
Dodging        | 2 |  2.9
Stealth        | 6 |  6.1
Fighting       | |  2.1
Throwing       | |  2.1

Action                   |  1- 3 |  4- 6 || total
-------------------------+-------+-------++-------
Melee: Dagger            |    83 |    36 ||   119
 Fire: Blowgun           |       |     4 ||     4
  Use: Scroll            |     1 |     2 ||     3
 Stab: Sleeping          |    11 |     5 ||    16
       Distracted        |     2 |       ||     2
  Eat: Chunk             |     3 |       ||     3
Armor: Robe              |     4 |       ||     4
       Leather armour    |     7 |     8 ||    15
Dodge: Dodged            |    39 |    17 ||    56
Block: Buckler           |     6 |     6 ||    12
